 Dungeon Crawl Stone Soup version 0.18-a0-1243-g9e52518 (webtiles) character file.

239845 M4edhros the Prestidigitator (level 20, -15/120 HPs)
             Began as an Octopode Artificer on Feb 5, 2016.
             Was a High Priest of Fedhas.
             Killed by the raging water
             ... invoked by a water nymph
              (24 damage)
             ... on level 4 of the Shoals.
             The game lasted 03:31:25 (43439 turns).

M4edhros the Prestidigitator (Octopode Artificer)  Turns: 43439, Time: 03:31:28

Health: -15/120    AC:  7    Str: 11    XL:     20   Next: 14%
Magic:  25/36      EV: 22    Int: 22    God:    Fedhas [*****.]
Gold:   2607       SH: 20    Dex: 13    Spells: 7 memorised, 11 levels left

rFire  + + .     SeeInvis +     j - +7 hunting sling (freeze)
rCold  + + .     Gourm    .     Z - +2 shield of Resistance {rF+ rC+ MR+}
rNeg   . . .     Faith    .     i - +2 hat
rPois  +         Spirit   .     R - +4 amulet of reflection
rElec  .         Dismiss  .     t - ring of see invisible
rCorr  .         Reflect  +     O - ring of poison resistance
SustAt .         Harm     .     P - ring of protection from fire
MR     ++...     Clarity  +     s - +4 ring of evasion
Stlth  ++++++++..               (no ring)
                                G - ring of protection from cold
                                b - ring of stealth
                                (no ring)

@: regenerating, studying 2 skills, repel missiles, very resistant to hostile
enchantments, extraordinarily stealthy
A: almost no armour, amphibious, 8 rings, constrict 8, tentacle spike 1, large
bone plates 1, yellow scales 1, camouflage 1, clarity, frail 1, high mp 1, sense
surroundings 1, gelatinous body 1, evolution 2
a: Evolution, Sunlight, Growth, Reproduction, Rain, Renounce Religion


You were on level 4 of the Shoals.
You worshipped Fedhas.
Fedhas was extremely pleased with you.
You were hungry.

You visited 6 branches of the dungeon, and saw 33 of its levels.
You also visited: Labyrinth, Ossuary, Bailey and Ice Cave.

You collected 4632 gold pieces.
You spent 2025 gold pieces at shops.

Inventory:

Hand Weapons
 j - a +7 hunting sling of freezing (weapon)
 k - a +8 short sword of electrocution
 S - a +1 blowgun of evasion
Missiles
 e - 643 stones (quivered)
 l - 5 curare-tipped needles
 z - 260 sling bullets
 I - 11 steel sling bullets
Armour
 i - a +2 hat (worn)
 Z - the +2 shield of Resistance (worn) {rF+ rC+ MR+}
   (You bought it in a shop on level 2 of the Orcish Mines)

   It protects you from fire.
   It protects you from cold.
   It affects your resistance to hostile enchantments.
Magical Staves
 W - an uncursed staff of wizardry
Rods
 m - a +2 rod of clouds (9/9)
   (You acquired it on level 4 of the Lair of Beasts)
 n - a +4 rod of clouds (11/15)
   (You acquired it on level 2 of the Dungeon)
 T - a +1 rod of ignition (11/11)
   (You took it off a deep elf mage on level 2 of the Elven Halls)
Jewellery
 b - a ring of stealth (on tentacle)
 s - a +4 ring of evasion (on tentacle)
 t - a ring of see invisible (left tentacle)
 B - an uncursed ring of protection from cold
 G - a ring of protection from cold (on tentacle)
 K - the ring "Fyfogg" {+Blink rN++ AC+3 Int-3 Dex+3}
   (You found it in an ice cave)

   [ring of protection]

   It affects your AC (+3).
   It affects your intelligence (-3).
   It affects your dexterity (+3).
   It greatly protects you from negative energy.
   It lets you blink.
 O - a ring of poison resistance (right tentacle)
 P - a ring of protection from fire (on tentacle)
 R - a +4 amulet of reflection (around mantle)
Wands
 c - a wand of enslavement (7/24)
 u - a wand of iceblast (5/15)
 y - a wand of lightning (5/15)
 E - a wand of paralysis (4/24)
 F - a wand of iceblast (9/15)
 M - a wand of lightning (0/15)
 N - a wand of teleportation (3/9)
Scrolls
 g - 2 scrolls of fear
 o - 3 scrolls of fog
 q - 4 scrolls of teleportation
Potions
 p - 3 potions of haste
 r - a potion of agility
 x - 2 potions of heal wounds
 A - 11 potions of curing
 C - 5 potions of invisibility
 J - 4 potions of ambrosia
 X - a potion of resistance
Books
 D - a manual of Summonings
 Q - a manual of Unarmed Combat
Miscellaneous
 d - an ornate deck of summoning {Foxfire}
 h - a phial of floods (inert)
 H - a box of beasts
 U - a box of beasts {used: 4}
 V - a box of beasts
 Y - a phantom mirror
Comestibles
 f - 21 fruits
 v - 10 beef jerkies
 w - 7 meat rations


   Skills:
 - Level 10.6 Fighting
 - Level 1.0 Short Blades
 - Level 9.8 Slings
 - Level 11.6 Dodging
 - Level 10.8 Stealth
 + Level 14.4 Shields
 * Level 9.3 Spellcasting
 - Level 5.3 Charms
 + Level 10.6 Summonings
 - Level 3.3 Necromancy
 + Level 3.3 Translocations
 * Level 8.6 Transmutations
 - Level 8.0 Air Magic
 * Level 8.4 Earth Magic
 - Level 9.5 Invocations
 - Level 14.9 Evocations


You had 11 spell levels left.
You knew the following spells:

 Your Spells              Type           Power        Failure   Level  Hunger
a - Regeneration          Chrm/Necr      ####......   3%          3    None
b - Repel Missiles        Chrm/Air       #####.       1%          2    None
c - Mephitic Cloud        Conj/Pois/Air  ###.....     10%         3    None
d - Statue Form           Trmt/Erth      #####....    38%         6    ######.
e - Summon Lightning Spi  Summ/Air       ######..     1%          4    ##.....
f - Summon Guardian Gole  Hex/Summ       ####....     2%          3    None
g - Summon Forest         Summ/Tloc      #####.....   14%         5    ####...


Dungeon Overview and Level Annotations

Branches:
Dungeon (15/15)            Temple (1/1) D:6            Lair (8/8) D:10
 Shoals (4/4) Lair:6       Spider (0/4) Lair:5        Slime (0/6) Lair:6
    Orc (2/2) D:9             Elf (3/3) Orc:2        Vaults (0/5) D:14
 Depths (0/5) D:15

Altars:
Ashenzari
Cheibriados
Dithmenos
Elyvilon
Fedhas
Kikubaaqudgha
Makhleb
Nemelex Xobeh
Okawaru
Pakellas
Qazlal
Ru
Sif Muna
Trog
Vehumet
Xom
Yredelemnul
Zin
The Shining One
Jiyva

Shops:
D:8 (   D:10 (   D:13 [?   Orc:2 %*![   Elf:1 =   Elf:2 (   Elf:3 (

Portals:
Trove: D:11 (give 17 potions of curing)

Annotations:
Shoals:4 Ilsuiw


Innate Abilities, Weirdness & Mutations

You cannot wear most types of armour.
You are amphibious.
You can wear up to eight rings at the same time.
You can use your tentacles to constrict eight enemies at once.
Your skin changes colour to match your surroundings (Stealth).
Your rubbery body absorbs attacks (AC +1).
One of your tentacles bears a spike.
You are partially covered in large bone plates (AC +2, SH +2).
You are partially covered in yellow scales (AC +2).
You possess an exceptional clarity of mind.
You are frail (-10% HP).
You have an increased reservoir of magic (+10% MP).
You passively map a small area around you.
You rapidly evolve.


Message History

As you read the scroll of fear, it crumbles to dust.
You assume a fearsome visage.
The water elemental is unaffected. x2
Ilsuiw resists with some effort.
The water elemental is unaffected.
Your water elemental is unaffected.
Your lightning spire is unaffected.
Your giant spore is unaffected.
The water nymph resists with almost no effort.
The water nymph easily resists.
The satyr looks frightened!
The faun looks frightened! x2; The manticore looks frightened!
Your wandering mushroom is unaffected.
Your water elemental is unaffected.
Some water evaporates in the bright sunlight.
Your lightning spire disappears in a puff of smoke!
You block the water elemental's attack.
The faun moves out of view.
Ilsuiw barely misses your water elemental.
The water elemental is engulfed in freezing vapours.
You destroy the water elemental!
The water nymph casts a spell at you. The water swirls and strikes you!
You die...
Xom thinks this is hilarious!
Fedhas appreciates your contribution to the ecosystem.

≈≈≈≈≈≈≈≈≈≈≈......m.≈#≈≈≈#≈,,≈≈≈≈≈
≈≈≈≈≈≈≈≈≈(≈≈≈≈....(.≈#≈#≈,,,≈≈≈≈≈
≈≈≈≈≈≈≈...(≈P....).≈≈.≈..,,≈≈≈≈≈≈
≈≈≈≈≈≈...<.(...§§§.§≈≈P..≈≈≈≈≈≈≈≈
,≈≈≈≈≈......<..§§§§§≈≈(≈≈≈≈≈≈≈≈≈≈
,≈≈≈≈≈≈......(..§§≈mP≈≈≈≈≈≈≈≈≈≈≈≈
,,.≈≈........≈c.§(Em..≈≈≈≈≈≈≈≈≈≈≈
,≈..≈≈≈..c.≈cP≈≈E§E...≈≈.,≈≈≈≈≈≈≈
,,..≈≈..#.≈##.H(@E§≈..≈≈≈≈≈≈≈≈≈≈≈
,,.....#######.≈≈≈≈≈...≈≈≈≈≈≈≈≈≈≈
,,...##P≈###Pf#≈≈≈≈..(..≈≈≈≈≈≈≈≈≈
,,,.≈*#P≈)()*)##≈≈....≈≈≈≈≈≈≈≈≈≈≈
,,,,,≈##*#≈#≈≈#≈m≈...≈≈≈≈≈≈≈≈≈≈≈≈
,,,,,*##≈≈[≈≈≈##≈≈..≈≈≈≈≈≈≈≈≈≈≈≈≈
,,,,,,#≈≈#≈#≈###≈≈.≈≈≈≈≈≈≈≈≈≈≈≈≈≈
≈≈≈≈,,#≈≈≈≈≈≈≈#≈≈≈≈≈≈≈≈≈≈≈≈≈≈≈≈≈≈
≈≈≈≈≈*##≈#≈#≈###...≈≈≈≈≈≈≈≈≈≈≈≈≈≈


You could see Ilsuiw (invisible), a satyr (fleeing), 2 fauns, 2 water nymphs, a
manticore (roused), 2 water elementals, a friendly wandering mushroom, 2
friendly water elementals and a friendly giant spore.

Vanquished Creatures
  Saint Roka (Orc:2)
  An Ice Fiend (IceCv)
  3 deep elf blademasters
  2 deep elf master archers (Elf:3)
  A kraken (Shoals:3)
  Gastronok (D:11)
  Roxanne (Shoals:1)
  Erolcha (D:12)
  2 deep elf sorcerers
  Louise (D:14)
  A salamander stormcaller (D:13)
  A stone giant (D:12)
  3 deep elf demonologists (Elf:3)
  4 deep elf annihilators (Elf:3)
  4 deep elf death magi
  A merfolk javelineer (Shoals:4)
  8 vault guards
  Josephine (D:14)
  A minotaur (Lab)
  6 hydras
  2 catoblepae
  Erica (Lair:1)
  2 alligator snapping turtles
  2 merfolk aquamancers
  2 centaur warriors
  4 ogre magi (Orc:2)
  A satyr (Shoals:3)
  27 death yaks
  A queen ant (Lair:6)
  6 dancing weapons
  14 deep elf knights
  Sonja (Lair:4)
  A wandering mushroom (Elf:3)
  A skeletal warrior (D:15)
  4 unseen horrors
  3 sea snakes
  14 deep elf archers
  11 harpies
  4 hill giants
  A flayed ghost (D:15)
  5 orc knights
  A wizard (D:15)
  10 ugly things
  A wolf spider (Lair:8)
  A necromancer (D:15)
  53 deep elf magi
  7 griffons
  3 orc sorcerers (Orc:2)
  A hornet (Lair:8)
  7 cyclopes
  8 manticores
  8 fauns (Shoals:3)
  A guardian serpent (Lair:8)
  A water nymph (Shoals:3)
  4 sirens
  A frost giant skeleton (D:15)
  3 ice statues
  7 black mambas
  2 gargoyles
  21 elephants
  4 orange demons (Elf:2)
  19 spiny frogs
  3 kobold demonologists (D:14)
  5 anaconda simulacra (IceCv)
  8 komodo dragons
  4 ice devils (IceCv)
  A tengu conjurer (D:15)
  9 polar bears
  4 fire drakes
  5 freezing wraiths (IceCv)
  2 wind drakes (Shoals:3)
  A polar bear (shapeshifter) (Elf:1)
  4 jumping spiders (Lair:5)
  13 two-headed ogres (Orc:2)
  5 trolls
  A wolf spider simulacrum (IceCv)
  11 merfolk
  2 raiju (Lair:8)
  11 blink frogs
  A deep troll skeleton (D:15)
  3 snapping turtles
  An air elemental (Elf:3)
  An ice dragon skeleton (D:15)
  3 redbacks
  A dire elephant simulacrum (IceCv)
  12 water elementals
  A shadow (D:11)
  29 yaks
  2 spriggans
  3 wyverns
  5 fire elementals
  6 wraiths
  4 basilisks
  A hungry ghost (D:12)
  14 hippogriffs
  5 harpy simulacra (IceCv)
  23 wolves
  4 vampire mosquitoes (D:14)
  8 wargs
  7 soldier ants
  21 water moccasins
  3 hydra simulacra (IceCv)
  4 hell hounds (Lair:8)
  21 orc warriors
  10 porcupines
  13 black bears
  A sky beast (D:10)
  An ice beast (D:11)
  5 wasps
  An ettin simulacrum (IceCv)
  2 phantoms
  14 centaurs
  33 ogres
  6 crocodiles
  4 big kobolds (D:14)
  15 giant frogs
  2 earth elementals
  4 scorpions
  A wyvern skeleton (D:11)
  15 killer bees
  2 electric eels (D:10)
  5 crimson imps
  A centaur zombie (D:12)
  A quasit (D:9)
  3 draconian simulacra (IceCv)
  2 centaur skeletons
  11 orc priests
  17 hounds
  4 jellies
  14 orc wizards
  3 giant frog skeletons
  9 iguanas
  22 worker ants
  Terence (D:2)
  5 troll simulacra (IceCv)
  2 spriggan simulacra (IceCv)
  A wolf simulacrum (IceCv)
  13 sheep
  A centaur simulacrum (IceCv)
  A hound skeleton (D:10)
  8 mummies (Ossuary)
  Robin (D:3)
  A gnoll (D:1)
  15 adders
  5 naga simulacra (IceCv)
  47 river rats
  3 white imps (IceCv)
  3 ufetubi (IceCv)
  An ooze (D:1)
  A worm (D:1)
  6 giant geckos
  87 orcs
  2 ball pythons (D:1)
  9 bats
  6 giant cockroaches
  17 goblins
  8 hobgoblins
  12 jackals
  7 quokkas
  2 giant gecko skeletons
  2 giant newts (D:1)
  2 gnoll skeletons (D:3)
  A goblin skeleton (D:8)
  3 hobgoblin skeletons (Ossuary)
  16 kobolds
  2 kobold skeletons
  3 orc skeletons (Ossuary)
  An orc zombie (Ossuary)
  2 quokka skeletons
  4 rats
  A ballistomycete (Orc:2)
  9 giant spores
  A hyperactive ballistomycete (Elf:3)
  A tentacle (Shoals:3)
1120 creatures vanquished.

Vanquished Creatures (collateral kills)
  Frances (D:12)
  2 deep elf sorcerers (Elf:3)
  4 deep elf demonologists (Elf:3)
  2 merfolk javelineers (Shoals:4)
  3 deep elf death magi (Elf:3)
  2 deep elf high priests (Elf:3)
  2 merfolk aquamancers
  13 dancing weapons
  2 death yaks (Lair:7)
  3 deep elf knights (Elf:3)
  A sea snake (Shoals:1)
  A lindwurm (Lair:8)
  A hill giant (D:11)
  An orc knight (Bailey)
  2 ugly things
  2 griffons
  A manticore (Elf:2)
  9 deep elf magi
  A centaur skeleton (D:13)
  5 spiny frogs
  2 komodo dragons
  A two-headed ogre (D:13)
  A troll (D:10)
  A merfolk (Shoals:4)
  2 blink frogs (Lair:2)
  A vampire (D:14)
  2 wyverns
  4 yaks
  A spriggan (Lair:5)
  2 wraiths
  A tarantella (shapeshifter) (Elf:1)
  A fire elemental (Elf:3)
  A hungry ghost (D:12)
  3 vampire mosquitoes (D:14)
  A hippogriff (Lair:2)
  4 wolves
  2 mottled dragons
  7 water moccasins
  A warg (Lair:8)
  2 soldier ants
  2 porcupines
  2 wasps (Lair:8)
  2 eyes of draining
  10 orc warriors
  2 ogres
  2 crocodiles
  A big kobold (D:7)
  2 giant frogs
  A wyvern skeleton (D:8)
  A killer bee (D:11)
  A crimson imp (D:7)
  A jelly (D:7)
  9 hounds
  5 orc priests
  A giant frog skeleton (D:6)
  4 iguanas
  6 orc wizards
  3 worker ants
  A mummy (D:8)
  7 adders
  9 river rats
  2 shadow imps (D:12)
  A giant gecko (D:10)
  20 orcs
  2 goblins (D:3)
  2 kobolds (D:7)
  A ballistomycete (Elf:3)
  2 crawling corpses (Elf:3)
  A fire vortex (D:13)
  14 giant spores
  A hyperactive ballistomycete (Orc:2)
  7 toadstools
223 creatures vanquished.

Vanquished Creatures (others)
  Polyphemus (Shoals:2)
  A deep elf elementalist (Elf:3)
  A satyr (Shoals:4)
  A deep elf archer (Elf:1)
  2 wolf spider zombies (D:14)
  2 oklob plants
  A faun (Shoals:3)
  A fire elemental (Elf:3)
  An orc warrior (Bailey)
  An ogre (Orc:2)
  3 centaurs (Shoals:1)
  A necrophage (D:15)
  An orc priest (D:12)
  A worker ant zombie (D:8)
  5 white imps (IceCv)
  3 ufetubi (IceCv)
  41 wandering mushrooms
  17 ballistomycetes
  81 fungi
  9 giant spores
  41 plants
  13 tentacles (Shoals:3)
  106 tentacle segments (Shoals:3)
  1119 toadstools
  A withered plant (D:15)
1454 creatures vanquished.

Grand Total: 2797 creatures vanquished

Notes
Turn   | Place    | Note
--------------------------------------------------------------
     0 | D:1      | M4edhros the Octopode Artificer began the quest for the Orb.
     0 | D:1      | Reached XP level 1. HP: 13/13 MP: 3/3
    76 | D:1      | Reached XP level 2. HP: 13/18 MP: 4/4
   416 | D:4      | Found a deep blue altar of Sif Muna.
   424 | D:4      | Found a shadowy altar of Dithmenos.
   581 | D:4      | Reached skill level 1 in Shields
   581 | D:4      | Reached XP level 3. HP: 21/23 MP: 5/5
   766 | D:4      | Found a radiant altar of Vehumet.
   766 | D:4      | Found a glowing golden altar of the Shining One.
   929 | D:4      | Reached XP level 4. HP: 28/28 MP: 6/6
   934 | D:5      | Entered Level 5 of the Dungeon
   974 | D:5      | Noticed a phantom
  1053 | D:5      | Noticed an ogre
  1060 | D:5      | Killed an ogre
  1060 | D:5      | Reached skill level 4 in Stealth
  1060 | D:5      | Reached XP level 5. HP: 25/33 MP: 7/7
  1248 | D:5      | Reached XP level 6. HP: 6/38 MP: 7/9
  1576 | D:5      | Reached skill level 5 in Stealth
  1936 | D:6      | Found a burning altar of Makhleb.
  2024 | D:6      | Found a staircase to the Ecumenical Temple.
  2083 | Temple   | Entered the Ecumenical Temple
  2115 | Temple   | Became a worshipper of Xom of Chaos
  2120 | Temple   | Fell from the grace of Xom
  2120 | Temple   | Became a worshipper of Fedhas Madash
  2962 | D:2      | Reached * piety under Fedhas
  3004 | D:2      | XOM: mild Chrm miscast
  3013 | D:2      | Identified a scroll of acquirement
  3015 | D:2      | Identified a +2 rod of clouds (14/14) (You acquired it on level 2 of the Dungeon)
  3130 | D:2      | XOM: give mutation
  3130 | D:2      | Gained mutation: You are frail (-10% HP). [Xom's mischief]
  3239 | D:2      | Noticed Terence
  3252 | D:2      | Killed Terence
  3252 | D:2      | Reached XP level 7. HP: 27/38 MP: 10/10
  3695 | D:3      | Reached ** piety under Fedhas
  3746 | D:3      | Noticed Robin
  3757 | D:3      | Killed Robin
  3977 | D:3      | XOM: medium Ice miscast
  4019 | D:3      | XOM: polymorph wandering mushroom -> wandering mushroom
  4083 | D:3      | Found a basalt altar of Yredelemnul.
  4174 | D:5      | Reached skill level 1 in Invocations
  4314 | D:6      | XOM: noise
  4375 | D:6      | HP: 1/38 [orc priest/divine providence (12)]
  4385 | D:6      | Reached skill level 6 in Stealth
  4422 | D:6      | Reached skill level 1 in Slings
  4530 | D:6      | Reached *** piety under Fedhas
  4664 | D:6      | Reached skill level 5 in Evocations
  4664 | D:6      | Reached XP level 8. HP: 43/43 MP: 11/11
  5100 | D:7      | Reached skill level 5 in Dodging
  5158 | D:7      | XOM: medium Pois miscast
  5230 | D:7      | XOM: mild Necr miscast
  5515 | D:7      | Noticed a yak
  5517 | D:7      | Noticed a yak
  5518 | D:7      | Noticed a yak
  5520 | D:7      | Noticed a yak
  5521 | D:7      | Noticed a yak
  5528 | D:7      | Killed a yak
  5529 | D:7      | Killed a yak
  5530 | D:7      | Killed a yak
  5530 | D:7      | Reached skill level 7 in Stealth
  5535 | D:7      | Killed a yak
  5535 | D:7      | Reached XP level 9. HP: 27/47 MP: 13/13
  5537 | D:7      | Reached skill level 5 in Shields
  5671 | D:7      | XOM: noise
  5701 | D:7      | Learned a level 3 spell: Regeneration
  5828 | D:7      | XOM: mild Trmt miscast
  6453 | D:8      | XOM: medium Tloc miscast
  6579 | D:8      | Found a sand-covered staircase.
  6589 | Ossuary  | Entered an ossuary
  7117 | D:8      | Found a sacrificial altar of Ru.
  7147 | D:8      | Found Tasoic's Weapon Emporium.
  7184 | D:8      | Reached skill level 8 in Stealth
  7500 | D:8      | Reached **** piety under Fedhas
  7676 | D:8      | XOM: silly message
  8347 | D:9      | Found a staircase to the Orcish Mines.
  8354 | D:9      | Gained mutation: You occasionally shout uncontrollably at your foes. [potion of mutation]
  8354 | D:9      | Gained mutation: Your flesh is heat resistant. [potion of mutation]
  8355 | D:9      | Gained mutation: You are very frail (-20% HP). [potion of mutation]
  8355 | D:9      | Gained mutation: Your mind is acute. (Int +2) [potion of mutation]
  8355 | D:9      | Gained mutation: You are partially covered in large bone plates (AC +2, SH +2). [potion of mutation]
  8717 | D:10     | Entered Level 10 of the Dungeon
  8730 | D:10     | Reached XP level 10. HP: 25/46 MP: 15/15
  8769 | D:10     | Found Jataog's Weapon Boutique.
  8801 | D:10     | Reached skill level 5 in Invocations
  8814 | D:10     | Found a staircase to the Lair.
  9045 | D:10     | XOM: cast spell 'Necromutation'
  9194 | D:10     | XOM: medium Air miscast
  9259 | D:9      | XOM: mild Necr miscast
  9590 | D:10     | XOM: medium Trmt miscast
  9638 | D:10     | Noticed a cyclops
  9811 | D:10     | Killed a cyclops
  9811 | D:10     | Reached skill level 9 in Stealth
  9853 | D:10     | Found a stormy altar of Qazlal.
  9994 | D:10     | XOM: medium Trmt miscast
 10447 | D:11     | XOM: mild Air miscast
 10533 | D:11     | Noticed an unseen horror
 10539 | D:11     | Killed an unseen horror
 10539 | D:11     | Reached skill level 5 in Slings
 10602 | D:11     | Found a portal to a secret trove of treasure.
 10783 | D:11     | Noticed a hill giant
 10788 | D:11     | Noticed Gastronok
 10852 | D:11     | Killed Gastronok
 10852 | D:11     | Reached XP level 11. HP: 28/56 MP: 16/18
 10865 | D:11     | Killed a hill giant
 10913 | D:11     | Reached ***** piety under Fedhas
 11035 | D:11     | Noticed a hill giant
 11049 | D:11     | Killed a hill giant
 11049 | D:11     | Reached skill level 10 in Stealth
 11054 | D:11     | Noticed a white ugly thing
 11083 | D:11     | Killed a white ugly thing
 11147 | D:11     | Reached skill level 5 in Fighting
 11574 | D:12     | Noticed Frances
 11682 | D:12     | Noticed a cyclops
 11698 | D:12     | Killed a cyclops
 11713 | D:12     | Noticed Erolcha
 11722 | D:12     | Killed Frances
 11722 | D:12     | Reached skill level 10 in Evocations
 11746 | D:12     | Killed Erolcha
 11832 | D:12     | Reached XP level 12. HP: 33/63 MP: 19/19
 11932 | D:12     | Found a flagged portal.
 11942 | Bailey   | Entered a bailey
 12037 | Bailey   | XOM: noise
 12411 | Bailey   | XOM: medium Pois miscast
 12587 | D:12     | XOM: mild Hex miscast
 13165 | D:12     | Learned a level 2 spell: Repel Missiles
 13169 | D:12     | Learned a level 3 spell: Mephitic Cloud
 13278 | D:13     | Noticed a catoblepas
 13296 | D:13     | Killed a catoblepas
 13393 | D:12     | XOM: noise
 13431 | D:12     | XOM: noise
 13446 | D:12     | XOM: noise
 13486 | D:13     | Reached skill level 1 in Spellcasting
 13507 | D:13     | Reached skill level 1 in Charms
 13607 | D:13     | Reached skill level 1 in Necromancy
 13805 | D:13     | XOM: mild Fire miscast
 13805 | D:13     | Was forgiven by Xom
 14225 | D:13     | Reached skill level 11 in Evocations
 14357 | D:13     | Found Mievyink's Antique Armour Shop.
 14359 | D:13     | Noticed a salamander stormcaller
 14383 | D:13     | Killed a salamander stormcaller
 14400 | D:13     | Found Yggisuz's Magic Scroll Emporium.
 14438 | D:13     | Bought a scroll of enchant weapon for 112 gold pieces
 14533 | D:13     | Lost mutation: You are very frail (-20% HP). [potion of cure mutation]
 14533 | D:13     | Lost mutation: Your flesh is heat resistant. [potion of cure mutation]
 14533 | D:13     | Lost mutation: You are frail (-10% HP). [potion of cure mutation]
 14533 | D:13     | Lost mutation: Your mind is acute. (Int +2) [potion of cure mutation]
 14702 | Orc:1    | Entered Level 1 of the Orcish Mines
 14777 | Lair:1   | Entered Level 1 of the Lair of Beasts
 14795 | Lair:1   | Reached XP level 13. HP: 76/88 MP: 21/21
 14889 | Lair:1   | Noticed Erica
 14910 | Lair:1   | Killed Erica
 17322 | Lair:3   | Reached skill level 10 in Shields
 17322 | Lair:3   | Reached XP level 14. HP: 95/95 MP: 22/22
 17325 | Lair:3   | Reached skill level 12 in Shields
 17325 | Lair:3   | Reached XP level 15. HP: 100/100 MP: 23/23
 17585 | Lair:3   | Got a smoking dire flail
 18232 | Lair:4   | Noticed Sonja
 18237 | Lair:4   | Killed Sonja
 18353 | Lair:4   | Identified a +2 rod of clouds (9/9) (You acquired it on level 4 of the Lair of Beasts)
 18958 | Lair:4   | Identified the cursed +1 dire flail of the Vulture {venom, *Rage rPois rF- rN+++} (You found it on level 3 of the Lair of Beasts)
 19015 | Lair:5   | Learned a level 6 spell: Statue Form
 19067 | Lair:5   | Reached skill level 1 in Air Magic
 19134 | Lair:5   | Found a labyrinth entrance.
 19143 | Lab      | Entered a labyrinth
 21389 | Lair:5   | Found a hole to the Spider Nest.
 21634 | Lair:5   | Reached skill level 1 in Summonings
 21887 | Lair:6   | Found a viscous altar of Jiyva.
 21887 | Lair:6   | Found a staircase to the Slime Pits.
 22275 | Lair:6   | Reached ****** piety under Fedhas
 22352 | Lair:6   | Found a staircase to the Shoals.
 22650 | Lair:6   | Reached XP level 16. HP: 76/108 MP: 25/25
 24207 | Lair:8   | Entered Level 8 of the Lair of Beasts
 24515 | Lair:8   | Gained mutation: You evolve. [mutagenic meat]
 24518 | Lair:8   | Gained mutation: Your mind is acute. (Int +2) [mutagenic meat]
 24574 | Lair:8   | Reached skill level 10 in Fighting
 24605 | Lair:8   | Learned a level 4 spell: Summon Lightning Spire
 24609 | Lair:8   | Learned a level 3 spell: Summon Guardian Golem
 24749 | Lair:8   | Reached skill level 13 in Evocations
 25314 | Lair:8   | Reached skill level 5 in Summonings
 25408 | Lair:8   | Reached skill level 5 in Charms
 26652 | Lair:8   | Gained mutation: You are partially covered in yellow scales (AC +2). [evolution]
 27094 | Lair:6   | Reached XP level 17. HP: 104/116 MP: 27/27
 27410 | D:10     | Lost mutation: Your mind is acute. (Int +2) [mutagenic meat]
 27411 | D:10     | Gained mutation: You are resistant to hostile enchantments. [mutagenic meat]
 27700 | D:14     | Noticed Josephine
 27716 | D:14     | Killed Josephine
 27754 | D:14     | Reached skill level 1 in Earth Magic
 27892 | D:14     | Reached skill level 10 in Dodging
 27909 | D:14     | Lost mutation: You occasionally shout uncontrollably at your foes. [mutagenic meat]
 27910 | D:14     | Gained mutation: You possess an exceptional clarity of mind. [mutagenic meat]
 27919 | D:14     | Gained mutation: Your spells are a little harder to cast, but a little more powerful. [mutagenic meat]
 27936 | D:14     | Gained mutation: One of your tentacles bears a spike. [mutagenic meat]
 27937 | D:14     | Gained mutation: You are frail (-10% HP). [mutagenic meat]
 28121 | D:14     | Reached skill level 5 in Spellcasting
 28121 | D:14     | Reached skill level 1 in Transmutations
 28143 | D:14     | Found a gate to the Vaults.
 28842 | D:14     | Reached skill level 14 in Evocations
 28945 | D:14     | Noticed Louise
 28958 | D:14     | Killed Louise
 29280 | D:15     | Entered Level 15 of the Dungeon
 29280 | D:15     | Found a staircase to the Depths.
 29350 | D:15     | Gained mutation: You rapidly evolve. [mutagenic meat]
 29358 | D:15     | Lost mutation: You are resistant to hostile enchantments. [mutagenic meat]
 29484 | D:15     | Gained mutation: You have an increased reservoir of magic (+10% MP). [evolution]
 29826 | Orc:2    | Entered Level 2 of the Orcish Mines
 29973 | Orc:2    | Found a staircase to the Elven Halls.
 30210 | Orc:2    | Noticed Saint Roka
 30463 | Orc:2    | Killed Saint Roka
 30692 | Orc:2    | Found Bojex's Distillery.
 30692 | Orc:2    | Found Geatil's Food Emporium.
 30694 | Orc:2    | Found Feluos's Antique Armour Shoppe.
 30694 | Orc:2    | Found Upnuiken's Assorted Antiques.
 30702 | Orc:2    | Bought a potion of heal wounds for 90 gold pieces
 30704 | Orc:2    | Bought a large garnet ring for 105 gold pieces
 30925 | Orc:2    | Bought the +2 shield of Resistance {rF+ rC+ MR+} for 1068 gold pieces
 30994 | Elf:1    | Entered Level 1 of the Elven Halls
 31297 | Elf:1    | Reached XP level 18. HP: 109/109 MP: 31/31
 31529 | Elf:3    | Entered Level 3 of the Elven Halls
 31853 | Elf:3    | Gained mutation: You passively map a small area around you. [evolution]
 32258 | Elf:3    | Reached skill level 5 in Air Magic
 32373 | Elf:3    | Noticed a deep elf blademaster
 32463 | Elf:3    | Noticed a deep elf blademaster
 32463 | Elf:3    | Noticed a deep elf master archer
 32467 | Elf:3    | Killed a deep elf master archer
 32491 | Elf:3    | Killed a deep elf blademaster
 32534 | Elf:3    | Got a scintillating silver amulet
 32578 | Elf:3    | Noticed a Hell Sentinel
 32762 | Elf:3    | Got a pitted bronze ring
 32797 | Elf:3    | Identified the amulet of Todiav {RegenMP *Confuse MR+ Stlth+} (You took it off a deep elf knight on level 3 of the Elven Halls)
 32799 | Elf:3    | Identified the ring "Towku" {*Tele rF++} (You took it off a deep elf death mage on level 3 of the Elven Halls)
 33005 | Elf:3    | Noticed a deep elf master archer
 33011 | Elf:3    | Killed a deep elf master archer
 33376 | Elf:3    | Killed a deep elf blademaster
 33470 | Elf:3    | Reached skill level 5 in Transmutations
 33718 | Elf:3    | Reached skill level 5 in Earth Magic
 33738 | Elf:2    | Found Liyf's Antique Weapon Shop.
 33873 | Elf:2    | Found a runed gate.
 33882 | Elf:2    | Found a runed gate.
 33887 | Elf:2    | Found a runed gate.
 33902 | Elf:2    | Got an iridescent battleaxe
 33903 | Elf:2    | Identified the +1 battleaxe of Honesty {flame, Fragile +Fly SInv Stlth+} (You found it on level 2 of the Elven Halls)
 33926 | Elf:2    | Gained mutation: You are resistant to hostile enchantments. [evolution]
 34308 | Elf:2    | Identified a +1 rod of ignition (11/11) (You took it off a deep elf mage on level 2 of the Elven Halls)
 35217 | Elf:2    | Noticed a deep elf blademaster
 35236 | Elf:2    | Reached XP level 19. HP: 101/114 MP: 33/33
 36196 | Elf:1    | Found Ujur's Jewellery Shop.
 36207 | Elf:1    | Bought an uncursed ring of ice for 325 gold pieces
 36207 | Elf:1    | Bought a +4 amulet of reflection for 325 gold pieces
 36578 | Elf:1    | Lost mutation: Your spells are a little harder to cast, but a little more powerful. [mutagenic meat]
 36580 | Elf:1    | Lost mutation: You are resistant to hostile enchantments. [mutagenic meat]
 38140 | Shoals:1 | Entered Level 1 of the Shoals
 38140 | Shoals:1 | Noticed Roxanne
 38399 | Shoals:1 | Killed Roxanne
 38773 | Shoals:1 | Learned a level 5 spell: Summon Forest
 39230 | Shoals:2 | Reached skill level 10 in Summonings
 39822 | Shoals:2 | Noticed Polyphemus
 39833 | Shoals:2 | Killed Polyphemus
 39833 | Shoals:2 | Reached skill level 1 in Translocations
 40603 | Shoals:3 | Found a frozen archway.
 40745 | IceCv    | Entered an ice cave
 42095 | IceCv    | Noticed an Ice Fiend
 42110 | IceCv    | Killed an Ice Fiend
 42207 | IceCv    | Got a scorched granite ring
 42208 | IceCv    | Identified the ring "Fyfogg" {+Blink rN++ AC+3 Int-3 Dex+3} (You found it in an ice cave)
 42918 | Shoals:3 | Reached XP level 20. HP: 93/120 MP: 36/36
 43305 | Shoals:4 | Entered Level 4 of the Shoals
 43405 | Shoals:4 | Noticed Ilsuiw
 43439 | Shoals:4 | Killed from afar by a water nymph

Vault maps used:
D:1:      evilmike_arrival_run_for_it
D:2:      uniq_terence
D:3:      kennysheep_goblin_castle, lemuel_zombie_altar_yredelemnul
D:4:      minitemple, gammafunk_temple_overflow_wave
D:5:      first_bread, minmay_misc_feat_room
D:6:      nicolae_overflow_hidden_temple, lemuel_doored_altar,
          minmay_temple_entry_butterflies
D:8:      nicolae_ru_the_path_less_chosen, serial_shops, shop,
          nicolae_ossuary_entry_giza
D:9:      orc_0_dummy
D:10:     erik_lair_island, basic_altar, serial_shops, shop_statue
D:11:     nicolae_trove_entry_crossroad, uniq_gastronok
D:12:     kennysheep_funnel, enter_bailey_2, uniq_erolcha, uniq_frances
D:13:     serial_shops, nicolae_shop_stone, kennysheep_mini
D:14:     erik_vaults_2, serial_bayou_pond_d, the_bakery, uniq_louise,
          uniq_josephine
D:15:     gammafunk_depths_entry_grave, corexii_leaking_fountain
Temple:   circular_temple_12
Lair:1:   infiniplex_staircase_pool, lemuel_fruit_tree, uniq_erica
Lair:2:   minivault_24, lemuel_fruit_fields, serial_bayou_shore_a,
          bh_autumn_forest_stairs
Lair:4:   uniq_sonja
Lair:5:   nicolae_spider_entry_tight_spaces, lab_entry_generic,
          cheibrodos_lair_caveside_slide, forest_entry_grove
Lair:6:   minmay_shoals_entry_beasts, slime_altar_1, minmay_another_anthill,
          serial_bayou_shore_b
Lair:8:   hangedman_lair_tendril_chambers, hangedman_lair_caniforms_friends
Shoals:1: centaur_isle, uniq_roxanne
Shoals:2: lemuel_oklob_altar, uniq_polyphemus
Shoals:3: portal_ice_cave_entry_ice_statue_02
Shoals:4: shoals_end_grunt_ice, shoal_ilsuiw
Orc:1:    nicolae_orc_rockfall, uniq_snorg
Orc:2:    st_orc_ogre_mass, uniq_saint_roka
Elf:1:    minmay_elf_arrival_circle, serial_shops, nicolae_shop_trees
Elf:2:    serial_shops, shop, einodemon_barbed_minivault
Elf:3:    elf_hall_gauntlet_narrow
Lab:      labyrinth_mini_lab
Ossuary:  ossuary_tomb_3
Bailey:   bailey_polearm_5, bailey
IceCv:    ice_cave_caverns_02

Action                   |  1- 3 |  4- 6 |  7- 9 | 10-12 | 13-15 | 16-18 | 19-21 || total
-------------------------+-------+-------+-------+-------+-------+-------+-------++-------
Melee: Short sword       |    20 |       |       |    13 |       |       |   373 ||   406
       Dagger            |    16 |    72 |   158 |   163 |    33 |   192 |       ||   634
       Staff             |       |       |       |       |     3 |       |       ||     3
       Rod               |       |       |       |       |       |     1 |       ||     1
 Fire: Hunting sling     |       |       |   277 |   458 |   549 |  2043 |   927 ||  4254
       Blowgun           |       |       |     1 |    18 |       |       |     6 ||    25
Throw: Javelin           |       |       |       |       |    10 |       |       ||    10
       Stone             |       |       |       |       |       |     2 |     2 ||     4
 Cast: Regeneration      |       |       |       |       |       |    38 |    51 ||    89
       Repel Missiles    |       |       |       |       |       |     5 |     1 ||     6
       Summon Lightning  |       |       |       |       |       |    17 |    14 ||    31
Invok: Evolution         |       |       |     4 |    13 |     6 |    25 |     3 ||    51
       Reproduction      |       |       |       |     4 |     1 |    11 |     1 ||    17
       Sunlight          |       |       |       |     1 |       |     8 |     5 ||    14
       Rain              |       |       |       |       |       |     2 |     1 ||     3
       Growth            |       |       |       |       |       |     1 |       ||     1
Evoke: Wand              |     1 |    12 |     6 |    10 |     6 |    23 |     8 ||    66
       Rod               |       |       |    10 |    27 |    20 |    71 |    32 ||   160
       Box of beasts     |       |       |       |       |       |     1 |     3 ||     4
       Phial of floods   |       |       |       |       |       |     1 |     3 ||     4
  Use: Potion            |       |     9 |     4 |     2 |     5 |     1 |     4 ||    25
       Scroll            |       |    10 |     9 |    11 |    12 |    13 |     7 ||    62
 Stab: Sleeping          |     6 |    11 |    15 |    12 |       |       |    11 ||    55
       Distracted        |       |     1 |       |     3 |       |     1 |     2 ||     7
       Confused          |       |       |       |     1 |     5 |       |       ||     6
       Paralysed         |       |       |       |     2 |     6 |       |       ||     8
       Invisible         |       |       |       |       |       |       |     3 ||     3
  Eat: Chunk             |       |     1 |       |     5 |    10 |    45 |    20 ||    81
       Meat ration       |       |     1 |     3 |     1 |     1 |       |     2 ||     8
       Royal jelly       |       |     1 |       |       |     1 |     1 |     1 ||     4
       Bread ration      |       |       |     1 |     5 |     2 |     6 |     2 ||    16
       Pizza             |       |       |     1 |       |     1 |       |       ||     2
       Beef jerky        |       |       |       |     1 |     2 |    12 |     4 ||    19
